 Dungeon Crawl Stone Soup version 0.29-a0-96-g93358da72b (webtiles) character file.

Game seed: 12017132955899092682

14 soggyman666 the Covered (level 2, -9/19 HPs)
             Began as a Gargoyle Fighter on Feb 12, 2022.
             Engulfed by a cloud of flame (23 damage)
             ... on level 1 of the Dungeon.
             The game lasted 00:00:36 (1015 turns).

soggyman666 the Covered (Gargoyle Fighter)          Turns: 1015, Time: 00:00:37

Health: -9/19      AC: 10    Str: 19    XL:     2   Next: 41%
Magic:  2/2        EV:  9    Int:  8    God:
Gold:   68         SH:  4    Dex:  9    Spells: 1/1 levels left

rFire   . . .      SeeInvis .   a - +0 war axe
rCold   . . .      Faith    .   c - +0 buckler
rNeg    + . .      Spirit   .   b - +0 scale mail
rPois   ∞          Reflect  .   (no helmet)
rElec   +          Harm     .   j - +0 cloak
rCorr   .          Rampage  .   (no gloves)
Will    .....                   (no boots)
Stlth   ..........              (no amulet)
HPRegen 0.06/turn               (no ring)
MPRegen 0.08/turn               (no ring)

@: no status effects
A: sickness immunity, AC +2, negative energy resistance 1, electricity
resistance, torment resistance 1, petrification resistance
a: no special abilities


You were on level 1 of the Dungeon.
You visited 1 branch of the dungeon, and saw 1 of its levels.

You collected 68 gold pieces.

Inventory:

Hand Weapons
 a - a +0 war axe (weapon)
Armour
 b - a +0 scale mail (worn)
 c - a +0 buckler (worn)
 j - a +0 cloak (worn)
Scrolls
 g - a scroll of teleportation
Potions
 d - 2 potions of might
 f - 2 potions of brilliance {unknown}
 h - 2 potions of ambrosia {unknown}
 i - a potion of curing {unknown}


   Skills:
 + Level 3.5 Fighting
 + Level 1.9 Axes
 + Level 3.7 Armour
 + Level 3.4 Shields


You had one spell level left.
You didn't know any spells.
Your spell library was empty.

Dungeon Overview and Level Annotations

Branches:
Dungeon (1/15)

Altars:


Innate Abilities, Weirdness & Mutations

You are immune to sickness and miasma.
Your stone body is resilient. (AC +2)
You are immune to poison.
You resist negative energy. (rN+)
You are resistant to electric shocks. (rElec)
You are resistant to unholy torment.
You are immune to petrification.


Message History

You hit the kobold.
You kill the kobold!
You hit the bush but do no damage.
A frilled lizard comes into view.
Unknown command.
The frilled lizard hisses angrily.
Items here: ( ))) †.
Unknown command.
A rat comes into view.
Unknown command.
You barely miss the rat.
The rat bites the bush but does no damage.
The rat bites you but does no damage.
Unknown command.
You closely miss the rat. The rat barely misses you.
The frilled lizard bites you. The rat bites you but does no damage.
Unknown command.
You closely miss the frilled lizard. You completely miss the rat.
The frilled lizard bites you but does no damage.
The rat bites you but does no damage.
Unknown command.
You slash the frilled lizard!
You kill the frilled lizard!
You slash the rat!
You kill the rat!
Unknown command.
No reachable target in view!
Unknown command.
No reachable target in view!
Unknown command.
No reachable target in view!
No reachable target in view!
Unknown command.
No reachable target in view!
Unknown command.
Really walk into that cloud of flame?
Really walk into a travel-excluded area?
You are engulfed in blazing flames.
Ouch! That really hurt!
You die...

#♣P ##♣♣#♣
♣PPP##≈..P#
P.PPP..÷..###
P..#.......P###
...#...@†.)...#
P.r#......))#.#
#P#.P÷....P##.#
#######
♣PPPP#...PP♣#.#
..>...#
♣♣##♣♣♣#P♣♣♣#.#
####### ### ###
##.# ## #.#
#..# .# #.#
##.## .# #.#
#..#


You could see a rat.

Vanquished Creatures
  2 endoplasms (D:1)
  A hobgoblin (D:1)
  A jackal (D:1)
  5 kobolds (D:1)
  A bat (D:1)
  A frilled lizard (D:1)
  A rat (D:1)
12 creatures vanquished.

Vanquished Creatures (others)
  3 plants (D:1)
3 creatures vanquished.

Grand Total: 15 creatures vanquished

Notes
Turn   | Place    | Note
-------+----------+-------------------------------------------
     0 | D:1      | soggyman666 the Gargoyle Fighter began the quest for the
                  | Orb.
     0 | D:1      | Reached XP level 1. HP: 14/14 MP: 1/1
  1004 | D:1      | Reached XP level 2. HP: 19/19 MP: 2/2
  1015 | D:1      | Engulfed by a cloud of flame

Illustrated notes

Levels and vault maps discovered:
D:1:      dpeg_arrival_brainrot, layout_loops_ring,
          chequers_serial_rivers_micro_c, lexackson_kobold_supper

Action                   || total
-------------------------++-------
Melee: War axe           ||    27
  Use: Scroll            ||     2
Armor: Scale mail        ||    13
Dodge: Dodged            ||     9
Block: Buckler           ||     7

Table legend: (Time is in decaauts)
 A = Elapsed time spent in this place.
 B = Non-inter-level travel time spent in this place.
 C = Inter-level travel time spent in this place.
 D = Time resting spent in this place.
 E = Time spent auto-exploring this place.
 F = Levels seen in this place.
 G = Mean time per level.
                   A        B        C        D        E       F      G
               +--------+--------+--------+--------+--------+-----+--------+
         Total |   1027 |   1005 |     22 |      0 |    921 |   1 | 1027.0 |
       Dungeon |   1027 |   1005 |     22 |      0 |    921 |   1 | 1027.0 |
               +--------+--------+--------+--------+--------+-----+--------+

Top non-repeatable levels by time:
     D:1: 1027 daAuts
